 Dungeon Crawl Stone Soup version 0.23.1 (webtiles) character file.

Game seed: 7163415827818865200

4936 Grue the Tainter (level 10, -4/63 HPs)
             Began as an Octopode Venom Mage on Mar 16, 2019.
             Was a Believer of Okawaru.
             Slain by a troll (15 damage)
             ... on level 9 of the Dungeon on Mar 17, 2019.
             The game lasted 00:36:27 (11375 turns).

Grue the Tainter (Octopode Venom Mage)             Turns: 11375, Time: 00:36:28

Health: -4/63      AC:  3    Str:  9    XL:     10   Next: 52%
Magic:  1/21       EV: 16    Int: 17    God:    Okawaru [**....]
Gold:   336        SH:  0    Dex: 15    Spells: 14/24 levels left

rFire    . . .     SeeInvis +   g - +2 long sword (vamp)
rCold    . . .     Gourm    +   (no shield)
rNeg     + . .     Faith    .   D - +2 hat {MR+}
rPois    +         Spirit   .   r - amulet of the gourmand
rElec    .         Reflect  .   h - ring of poison resistance
rCorr    .         Harm     .   e - ring of see invisible
MR       +....                  t - ring of positive energy
Stlth    +++.......             (no ring)
HPRegen  0.20/turn              (no ring)
MPRegen  0.17/turn              (no ring)
                                (no ring)
                                (no ring)

@: no status effects
A: almost no armour, stealthy swim, amphibious, 8 rings, constrict 8, camouflage
1, gelatinous body 1
a: Heroism, Renounce Religion


You were on level 9 of the Dungeon.
You worshipped Okawaru.
Okawaru was pleased with you.
You were completely stuffed.

You visited 2 branches of the dungeon, and saw 10 of its levels.
You also visited: Ossuary.

You collected 336 gold pieces.

Inventory:

Hand Weapons
 c - a +2 hand axe of pain
 g - a +2 vampiric long sword (weapon)
 w - a +0 spear
 E - a cursed +0 trident
Missiles
 C - 2 throwing nets (quivered)
Armour
 D - a +2 hat of magic resistance (worn)
Jewellery
 e - a ring of see invisible (right tentacle)
 h - a ring of poison resistance (left tentacle)
 r - an amulet of the gourmand (around mantle)
 t - a ring of positive energy (on tentacle)
 B - a cursed ring of ice
Wands
 i - a wand of digging (2)
 u - a wand of disintegration (12)
 A - a wand of paralysis (15)
 I - a wand of iceblast (9)
Scrolls
 a - a scroll of summoning {unknown}
 d - a scroll of identify
 n - 2 scrolls of enchant armour
 o - 6 scrolls of remove curse
 y - 2 scrolls of immolation
 F - a scroll of fear
 G - a scroll of teleportation
 J - a scroll of magic mapping
Potions
 f - 2 potions of cancellation
 j - 3 potions of haste
 k - 3 potions of lignification
 l - a potion of agility
 m - 2 potions of heal wounds
 p - 3 potions of curing
 q - a potion of might
 s - 3 potions of flight
 v - a potion of resistance
 x - a potion of invisibility
 z - 2 potions of ambrosia
Comestibles
 b - 12 rations
 H - 2 chunks of flesh


   Skills:
 + Level 3.9 Fighting
   Level 1.0(3.4) Short Blades
 - Level 5.2(5.3) Long Blades
 * Level 5.0 Dodging
 - Level 2.7 Stealth
 + Level 7.5 Spellcasting
 + Level 1.0 Conjurations
 * Level 1.5 Hexes
 - Level 6.0 Air Magic
 - Level 9.0 Poison Magic
 * Level 2.9 Invocations


You had 14 spell levels left.
You knew the following spells:

 Your Spells              Type           Power        Failure   Level  Hunger
a - Mephitic Cloud        Conj/Pois/Air  ###.....     3%          3    ##.....
b - Poisonous Vapours     Pois/Air       ####..       1%          2    None
c - Olgreb's Toxic Radia  Pois           #####...     2%          4    ####...
d - Confusing Touch       Hex            ##....       6%          1    None

Your spell library contained the following spells:

 Spells                   Type           Power        Failure   Level  Hunger
 Sting                    Conj/Pois      ###.         1%          1    None
 Magic Dart               Conj           #...         8%          1    None
 Animate Skeleton         Necr           N/A          11%         1    None
 Apportation              Tloc           #.....       11%         1    None
 Summon Small Mammal      Summ           #...         11%         1    None
 Searing Ray              Conj           #.....       11%         2    None
 Dazzling Spray           Conj/Hex       ##....       19%         3    ##.....
 Venom Bolt               Conj/Pois      ###.......   36%         5    #####..
 Cause Fear               Hex            ##........   50%         4    ####...
 Fulminant Prism          Conj/Hex       ##........   54%         4    ####...
 Silence                  Hex/Air        ###.......   54%         5    #####..
 Iskenderun's Mystic Bla  Conj           #.......     58%         4    ####...
 Force Lance              Conj/Tloc      #.......     65%         4    ####...
 Yara's Violent Unravell  Hex/Tmut       #.........   91%         5    #####..
 Deflect Missiles         Chrm/Air       ###.......   99%         6    #######
 Discord                  Hex            ##........   100%        8    #######


Dungeon Overview and Level Annotations

Branches:
Dungeon (9/15)             Temple (1/1) D:7
   Lair: D:8-11         Orc: D:9-12

Altars:
Ashenzari
Cheibriados
Dithmenos
Fedhas
Hepliaklqana
Kikubaaqudgha
Makhleb
Okawaru
Qazlal
Ru
Sif Muna
Uskayaw
Vehumet
Wu Jian
Xom
Yredelemnul
Zin
The Shining One

Annotations:
D:5 exclusion: ice beast
D:9 3 runed translucent doors


Innate Abilities, Weirdness & Mutations

You cannot wear most types of armour.
You are very stealthy in the water. (Stealth+)
You are amphibious.
You can wear up to eight rings at the same time.
You can use your tentacles to constrict eight enemies at once.
Your skin changes colour to match your surroundings (Stealth+).
Your rubbery body absorbs attacks. (AC +1, EV +1)


Message History

Aiming: Poisonous Vapours (safe; 1% risk of failure)
Press: ? - help, Dir - move target cursor, f/p - troll
Aim: a troll (heavily wounded, poisoned) Poisonous vapours surround the troll!
The troll is engulfed in poison gas.
The troll looks as sick as possible!
The troll bites you. The troll claws you. The troll closely misses you.
You closely miss the troll.
The troll is severely wounded.
The troll bites you! The troll claws you! The troll closely misses you.
You hit the troll. Your squeeze misses the troll.
The troll is severely wounded.
The troll barely misses you.
You riposte.
You slash the troll!
The troll is almost dead.
The troll claws you! The troll claws you.
You hit the troll but do no damage.
The troll is almost dead.
The troll bites you. The troll claws you!
* * * LOW HITPOINT WARNING * * *
The troll misses you. The troll bites you!
You die...

### ### #####.###.#
#.....#...#
#.###.#.#.#
#.#.....#.#
#.#.#.###.# #.#.#.#
#.#
############.#.#@###.#
...............T.>...#
############.#..#.#..#
#.#..#.#..#
#....#.#..#
####.#.#..#
#......#..#
###.#####...#
#...##......#


You could see a troll.

Vanquished Creatures
  2 trolls
  2 sky beasts (D:7)
  A necrophage (D:9)
  2 orc warriors (D:7)
  2 ice beasts (D:8)
  A black bear (D:9)
  An ogre (D:7)
  A phantom (D:9)
  A centaur (D:9)
  6 bullfrogs
  A water moccasin zombie (D:6)
  9 scorpions
  11 killer bees
  3 wights (D:7)
  5 howler monkeys (D:8)
  3 crimson imps
  A centaur zombie (Ossuary)
  2 bullfrog zombies
  A jelly (D:8)
  2 hounds (D:5)
  11 orc priests
  2 gnoll shamans
  13 orc wizards
  A bullfrog skeleton (D:4)
  A centaur skeleton (D:7)
  7 iguanas
  3 worker ants
  2 big kobold zombies (Ossuary)
  A hound skeleton (D:4)
  3 mummies (Ossuary)
  A worker ant zombie (D:5)
  16 gnolls
  4 scorpion zombies (Ossuary)
  5 adders
  3 shadow imps
  2 oozes
  An adder skeleton (D:7)
  3 worms (D:3)
  3 dart slugs
  5 leopard geckos
  33 orcs
  2 ball pythons
  9 bats
  2 giant cockroaches
  2 gnoll zombies (Ossuary)
  11 goblins
  8 hobgoblins
  18 jackals
  A quokka (D:7)
  2 frilled lizards
  2 goblin zombies (Ossuary)
  A hobgoblin zombie (Ossuary)
  9 kobolds
  5 kobold zombies (Ossuary)
  2 orc zombies (Ossuary)
  A quokka skeleton (D:5)
  8 rats
260 creatures vanquished.

Notes
Turn   | Place    | Note
-------+----------+-------------------------------------------
     0 | D:1      | Grue the Octopode Venom Mage began the quest for the Orb.
     0 | D:1      | Reached XP level 1. HP: 11/11 MP: 3/3
   166 | D:1      | Reached skill level 4 in Poison Magic
   179 | D:1      | Reached XP level 2. HP: 12/17 MP: 1/5
   187 | D:1      | Learned a level 2 spell: Poisonous Vapours
   805 | D:1      | Reached XP level 3. HP: 20/21 MP: 4/6
  1555 | D:2      | Reached XP level 4. HP: 16/27 MP: 7/7
  1672 | D:2      | Learned a level 4 spell: Olgreb's Toxic Radiance
  2109 | D:3      | Reached skill level 1 in Air Magic
  2114 | D:3      | Reached skill level 1 in Short Blades
  2242 | D:3      | Reached skill level 5 in Poison Magic
  2470 | D:3      | Reached XP level 5. HP: 24/32 MP: 0/9
  2517 | D:3      | Reached skill level 1 in Fighting
  3193 | D:3      | Reached XP level 6. HP: 38/38 MP: 2/11
  3374 | D:3      | Found a glowing golden altar of the Shining One.
  3902 | D:4      | Reached XP level 7. HP: 33/43 MP: 3/13
  3985 | D:4      | Learned a level 3 spell: Mephitic Cloud
  4257 | D:4      | Reached skill level 1 in Long Blades
  4335 | D:4      | Reached skill level 6 in Poison Magic
  4659 | D:5      | Entered Level 5 of the Dungeon
  5025 | D:5      | Reached XP level 8. HP: 27/50 MP: 2/15
  5185 | D:5      | Reached skill level 5 in Spellcasting
  5850 | D:6      | Found a sand-covered staircase.
  5859 | Ossuary  | Entered an ossuary
  7404 | D:6      | Reached XP level 9. HP: 51/55 MP: 5/17
  7872 | D:7      | Reached skill level 7 in Poison Magic
  7873 | D:7      | Reached skill level 5 in Long Blades
  8361 | D:7      | Found a staircase to the Ecumenical Temple.
  8384 | D:7      | Reached skill level 5 in Air Magic
  8564 | D:7      | Reached skill level 8 in Poison Magic
  8667 | Temple   | Entered the Ecumenical Temple
  8729 | Temple   | Became a worshipper of Warmaster Okawaru
  9153 | D:7      | Noticed a troll
  9168 | D:7      | Killed a troll
  9168 | D:7      | Reached * piety under Okawaru
  9406 | D:7      | Reached XP level 10. HP: 62/63 MP: 10/20
  9860 | D:8      | Reached skill level 1 in Invocations
 10931 | D:8      | Learned a level 1 spell: Confusing Touch
 11115 | D:9      | Found a runed translucent gate.
 11115 | D:9      | Found a runed translucent gate.
 11120 | D:9      | Found a runed translucent gate.
 11152 | D:9      | Reached ** piety under Okawaru
 11152 | D:9      | Reached skill level 1 in Hexes
 11152 | D:9      | Reached skill level 9 in Poison Magic
 11344 | D:9      | Reached skill level 5 in Dodging
 11375 | D:9      | Slain by a troll

Skill      XL: |  1  2  3  4  5  6  7  8  9 10 |
---------------+-------------------------------+-----
Poison Magic   | 4 5 6 8 9 |  9.0
Air Magic      | 1 2 3 4 5 6 |  6.0
Short Blades   | 1 |  1.0
Spellcasting   | 3 4 5 7 |  7.5
Fighting       | 1 2 3 |  3.9
Long Blades    | 2 4 5 |  5.2
Dodging        | 3 4 5 |  5.0
Invocations    | 2 |  2.9
Hexes          | 1 |  1.5
Stealth        | |  2.7
Conjurations   | |  1.0

Action                   |  1- 3 |  4- 6 |  7- 9 | 10-12 || total
-------------------------+-------+-------+-------+-------++-------
Melee: Short sword       |    81 |    70 |       |       ||   151
       Constrict         |    19 |    25 |    59 |    11 ||   114
       Tentacles         |     8 |    17 |    54 |    15 ||    94
       Long sword        |       |    10 |   183 |    69 ||   262
 Cast: Sting             |    11 |     2 |       |       ||    13
       Poisonous Vapours |    20 |    43 |   118 |    17 ||   198
       Olgreb's Toxic Ra |       |     1 |     9 |    12 ||    22
       Mephitic Cloud    |       |       |     2 |       ||     2
Invok: Heroism           |       |       |       |     1 ||     1
  Use: Scroll            |       |     8 |    11 |     1 ||    20
       Potion            |       |     2 |       |     1 ||     3
 Stab: Sleeping          |     1 |     2 |     5 |       ||     8
       Confused          |       |       |     1 |       ||     1
       Distracted        |       |       |     1 |       ||     1
  Eat: Chunk             |     3 |    10 |    28 |     8 ||    49
       Ration            |       |     2 |       |       ||     2
Armor: Skin              |     9 |    11 |    17 |    12 ||    49
Dodge: Dodged            |    68 |    76 |   122 |    73 ||   339
       Rpst.: Long sword |       |     3 |    47 |    20 ||    70
